 Dungeon Crawl Stone Soup version 0.27-a0-3-gcf006a40f5 (webtiles) character file.

Game seed: 131098536925424278

33938 jiml777 the Thaumaturge (level 13, -6/63 HPs)
             Began as a Deep Elf Air Elementalist on Jan 1, 2021.
             Was a Priest of Sif Muna.
             Mangled by a wolf (7 damage)
             ... on level 6 of the Lair of Beasts.
             The game lasted 02:35:36 (25479 turns).

jiml777 the Thaumaturge (DEAE)                     Turns: 25479, Time: 02:35:37

Health: -6/63      AC:  9    Str:  5    XL:     13   Next: 39%
Magic:  10/33      EV: 13    Int: 26    God:    Sif Muna [***...]
Gold:   915        SH:  8    Dex: 15    Spells: 3/41 levels left

rFire    . . .     SeeInvis .   K - staff of death
rCold    . . .     Faith    .   v - +3 buckler
rNeg     + . .     Spirit   .   a - +0 robe
rPois    .         Reflect  .   h - +2 helmet
rElec    .         Harm     .   M - +0 cloak
rCorr    .         Rampage  .   z - +1 pair of gloves
Will     ++...                  L - +0 pair of boots
Stlth    +++.......             (no amulet)
HPRegen  0.20/turn              q - ring of willpower
MPRegen  0.23/turn              B - ring of wizardry

@: very slightly contaminated, invisible
A: no striking features
a: Renounce Religion, Channel Magic, Forget Spell


You were on level 6 of the Lair of Beasts.
You worshipped Sif Muna.
Sif Muna was most pleased with you.
You visited 3 branches of the dungeon, and saw 17 of its levels.

You collected 915 gold pieces.

Inventory:

Hand Weapons
 c - a +6 dagger
Missiles
 j - 211 arrows
 r - 42 sling bullets
 t - 80 poisoned darts
 x - 4 atropa-tipped darts
Armour
 a - a +0 robe (worn)
 h - a +2 helmet (worn)
 v - a +3 buckler (worn)
 z - a +1 pair of gloves (worn)
 L - a +0 pair of boots (worn)
 M - a +0 cloak (worn)
Magical Staves
 K - an uncursed staff of death (weapon)
Jewellery
 g - an uncursed ring of stealth
 k - an uncursed amulet of faith
 q - a ring of willpower (left hand)
 B - a ring of wizardry (right hand)
 C - an uncursed ring of see invisible
 E - a +6 ring of strength
 H - an uncursed ring of poison resistance
Wands
 e - a wand of acid (10)
 f - a wand of polymorph (22)
 w - a wand of digging (6)
 y - a wand of iceblast (20)
 D - a wand of disintegration (12)
 I - a wand of flame (22)
 J - a wand of enslavement (6)
Scrolls
 d - 8 scrolls of remove curse
 s - 4 scrolls of identify
 A - a scroll of magic mapping
 F - 6 scrolls of teleportation
 G - 3 scrolls of fog
Potions
 b - 3 potions of curing
 i - 2 potions of invisibility
 l - 5 potions of lignification
 m - 4 potions of flight
 n - 3 potions of mutation
 o - a potion of brilliance
 p - a potion of might
 N - a potion of haste
Miscellaneous
 u - a condenser vane


   Skills:
 - Level 0.1 Fighting
 - Level 3.1 Dodging
 - Level 3.8 Stealth
 - Level 4.0 Shields
 + Level 14.7 Spellcasting
 * Level 9.5 Conjurations
 * Level 5.4 Translocations
 * Level 5.4 Transmutations
 + Level 11.3 Air Magic
 * Level 5.3 Earth Magic
 * Level 6.1 Invocations
 * Level 9.3 Evocations


You had 3 spell levels left.
You knew the following spells:

 Your Spells              Type           Power        Failure   Level
a - Shock                 Conj/Air       100%         1%          1
b - Swiftness             Air            67%          1%          2
c - Static Discharge      Conj/Air       65%          1%          3
d - Airstrike             Air            33%          1%          4
e - Lightning Bolt        Conj/Air       32%          1%          5
f - Stone Arrow           Conj/Erth      100%         1%          3
g - Gell's Gravitas       Tloc           23%          1%          3
h - Passwall              Tmut/Erth      39%          1%          2
i - Conjure Ball Lightni  Conj/Air       32%          2%          6
j - Iskenderun's Battles  Conj           62%          1%          5
k - Petrify               Tmut/Erth      47%          1%          4

Your spell library contained the following spells:

 Spells                   Type           Power        Failure   Level
 Animate Skeleton         Necr           56%          1%          1
 Pain                     Necr           100%         1%          1
 Sandblast                Erth           94%          1%          1
 Searing Ray              Conj           100%         1%          2
 Dazzling Flash           Conj/Hex       86%          1%          3
 Confusing Touch          Hex            19%          3%          3
 Vampiric Draining        Necr           14%          3%          3
 Lee's Rapid Deconstruct  Erth           23%          3%          5
 Yara's Violent Unravell  Hex/Tmut       16%          11%         5
 Freezing Cloud           Conj/Ice/Air   26%          11%         6
 Animate Dead             Necr           14%          12%         4
 Agony                    Necr           28%          30%         5
 Metabolic Englaciation   Hex/Ice        9%           30%         5


Dungeon Overview and Level Annotations

Branches:
Dungeon (10/15)            Temple (1/1) D:7            Lair (6/6) D:9
  Swamp (0/4) Lair:4        Snake (0/4) Lair:3          Orc (0/2) D:9
  Slime: Lair:5-6

Altars:
Cheibriados
Dithmenos
Elyvilon
Fedhas
Hepliaklqana
Makhleb
Nemelex Xobeh
Okawaru
Qazlal
Ru
Sif Muna
Trog
Uskayaw
Vehumet
Wu Jian
Yredelemnul
Zin
The Shining One

Annotations:
Lair:5 exclusion: oklob plant


Message History

You feel better. The wolf closely misses you. The wolf barely misses you.
The wolf bites you!
* * * LOW HITPOINT WARNING * * *
The cane toad stings you but does no damage.
You block the wolf's attack.
You fade into invisibility!
The wolf barely misses you. The cane toad barely misses you.
The wolf bites you but does no damage. You block the wolf's attack.
You are very lightly contaminated with residual magic.
You feel better.
A wolf comes into view.
The wolf misses you. The wolf barely misses you. The cane toad stings you!
* * * LOW HITPOINT WARNING * * *
The wolf misses you. The cane toad stings you!
* * * LOW HITPOINT WARNING * * *
You block the wolf's attack.
The wolf howls!
You hear a bellow!
A water moccasin comes into view.
The wolf bites you!
You die...

...P...........
..............P#
#..............#
................
................
.....!......./..
................
.......hh.......
........@.......
......F.........
................
...#..h.........
............#...
............. ..
............. .
.....S........


You could see a cane toad, a water moccasin (wandering) and 3 wolves.

Vanquished Creatures
  2 hydras (Lair:1)
  A catoblepas (Lair:4)
  An orange crystal statue (D:9)
  2 bog bodies (Lair:4)
  A deep elf mage (D:9)
  9 black mambas
  A centaur zombie (D:10)
  12 elephants
  7 cane toads
  8 komodo dragons
  A centaur skeleton (D:10)
  A troll (D:10)
  A polar bear (Lair:4)
  A hornet (D:8)
  26 blink frogs
  A meliai zombie (D:10)
  25 yaks
  2 wyverns
  A basilisk (Lair:4)
  Edmund (D:5)
  Duvessa (D:4)
  14 water moccasins
  9 orc warriors
  A sky beast (D:8)
  4 ice beasts
  3 black bears
  2 ogres
  2 necrophages
  3 phantoms
  5 wolves
  3 centaurs
  A big kobold (D:7)
  18 bullfrogs
  2 wyvern zombies
  Dowan (D:3)
  5 scorpions
  A water moccasin skeleton (D:5)
  5 killer bees (D:7)
  16 wights
  5 howler monkeys
  5 hounds
  2 bullfrog zombies
  A jelly (D:5)
  9 orc priests
  A bullfrog skeleton (D:9)
  7 iguanas
  14 orc wizards
  7 hell rats (Lair:4)
  6 worker ants
  2 killer bee zombies
  2 hound skeletons
  2 worker ant zombies
  2 howler monkey zombies
  4 gnolls (D:5)
  A howler monkey skeleton (D:8)
  12 adders
  5 shadow imps
  3 white imps
  An ufetubus (D:8)
  2 adder skeletons
  5 worms
  A dart slug (D:1)
  5 leopard geckos
  41 orcs
  4 bats (D:1)
  6 giant cockroaches
  5 goblins
  6 hobgoblins
  6 kobolds
  7 quokkas
  4 ball pythons
  6 frilled lizards
  A leopard gecko zombie (D:9)
  A quokka zombie (D:8)
  11 rats
402 creatures vanquished.

Vanquished Creatures (others)
  2 ball lightnings (Lair:1)
  A bush (Lair:3)
  A butterfly (Lair:5)
  40 fungi
  64 plants
108 creatures vanquished.

Grand Total: 510 creatures vanquished

Notes
Turn   | Place    | Note
-------+----------+-------------------------------------------
     0 | D:1      | jiml777 the Deep Elf Air Elementalist began the quest for
                  | the Orb.
     0 | D:1      | Reached XP level 1. HP: 10/10 MP: 6/6
   241 | D:1      | Reached XP level 2. HP: 15/15 MP: 4/8
   989 | D:2      | Reached XP level 3. HP: 12/19 MP: 2/10
  1440 | D:2      | Found a blossoming altar of Fedhas.
  1767 | D:2      | Reached XP level 4. HP: 24/24 MP: 4/11
  2077 | D:3      | Learned a level 2 spell: Swiftness
  2081 | D:3      | Learned a level 3 spell: Static Discharge
  2086 | D:3      | Learned a level 4 spell: Airstrike
  2397 | D:3      | Found a hazy altar of Hepliaklqana.
  2592 | D:3      | Reached skill level 1 in Evocations
  2662 | D:3      | Reached skill level 4 in Spellcasting
  2662 | D:3      | Reached XP level 5. HP: 19/28 MP: 5/13
  3252 | D:4      | Noticed Duvessa
  3253 | D:4      | Noticed Dowan
  3277 | D:4      | Killed Duvessa
  3278 | D:4      | Reached XP level 6. HP: 29/32 MP: 0/14
  3635 | D:3      | Killed Dowan
  4198 | D:4      | Reached skill level 5 in Spellcasting
  4198 | D:4      | Reached skill level 5 in Conjurations
  4417 | D:5      | Entered Level 5 of the Dungeon
  4487 | D:5      | Reached XP level 7. HP: 36/36 MP: 8/16
  4559 | D:5      | Reached skill level 5 in Air Magic
  5304 | D:5      | Reached skill level 6 in Spellcasting
  5442 | D:5      | Noticed Edmund
  5446 | D:5      | Killed Edmund
  5447 | D:5      | Reached XP level 8. HP: 41/41 MP: 2/19
  6016 | D:5      | Reached skill level 7 in Spellcasting
  6089 | D:5      | Learned a level 5 spell: Lightning Bolt
  7072 | D:6      | Reached skill level 8 in Spellcasting
  7820 | D:7      | Reached XP level 9. HP: 45/45 MP: 1/23
  8238 | D:7      | Reached skill level 5 in Evocations
  8441 | D:7      | Found a sacrificial altar of Ru.
  8627 | D:7      | Reached skill level 9 in Spellcasting
  9389 | D:7      | Found a staircase to the Ecumenical Temple.
  9403 | Temple   | Entered the Ecumenical Temple
  9500 | Temple   | Became a worshipper of Sif Muna the Loreminder
  9623 | D:8      | Reached skill level 10 in Spellcasting
 10914 | D:8      | Reached XP level 10. HP: 50/50 MP: 17/26
 11212 | D:8      | Found a hide-covered altar of Uskayaw.
 11370 | D:8      | Found an ornate altar of the Wu Jian Council.
 11608 | D:8      | Reached skill level 11 in Spellcasting
 12108 | D:8      | Reached * piety under Sif Muna
 12430 | D:9      | Found a staircase to the Orcish Mines.
 12457 | D:9      | Reached skill level 1 in Invocations
 12460 | D:9      | Noticed a deep elf mage
 12463 | D:9      | Killed a deep elf mage
 13212 | D:9      | Found a staircase to the Lair.
 13717 | D:9      | Reached skill level 12 in Spellcasting
 14279 | D:9      | Noticed an orange crystal statue
 14312 | D:10     | Entered Level 10 of the Dungeon
 14576 | D:9      | Learned a level 3 spell: Stone Arrow
 14609 | D:9      | Killed an orange crystal statue
 14618 | D:9      | Learned a level 3 spell: Gell's Gravitas
 14621 | D:9      | Learned a level 2 spell: Passwall
 15257 | D:10     | Reached XP level 11. HP: 54/54 MP: 15/29
 15557 | D:10     | Reached skill level 1 in Transmutations
 15557 | D:10     | Reached skill level 1 in Earth Magic
 15702 | D:10     | Reached skill level 1 in Shields
 15986 | D:10     | Reached ** piety under Sif Muna
 16711 | Lair:1   | Entered Level 1 of the Lair of Beasts
 16760 | Lair:1   | Noticed a four-headed hydra
 16765 | Lair:1   | Killed a four-headed hydra
 16951 | Lair:1   | Reached skill level 1 in Translocations
 17103 | Lair:1   | Identified a scroll of acquirement
 17103 | Lair:1   | Acquired the Incunabulum of Confrontation
 17112 | Lair:1   | Learned a level 6 spell: Conjure Ball Lightning
 17118 | Lair:1   | Learned a level 5 spell: Iskenderun's Battlesphere
 17393 | Lair:1   | Noticed a four-headed hydra
 17398 | Lair:1   | Killed a four-headed hydra
 18234 | Lair:2   | Reached skill level 10 in Air Magic
 18336 | Lair:2   | Reached skill level 13 in Spellcasting
 19664 | Lair:2   | Reached XP level 12. HP: 43/59 MP: 6/31
 20790 | Lair:3   | Reached *** piety under Sif Muna
 21068 | Lair:3   | Reached skill level 5 in Invocations
 21145 | Lair:3   | Learned a level 4 spell: Petrify
 21202 | Lair:3   | Found a staircase to the Snake Pit.
 21492 | Lair:4   | Found a staircase to the Swamp.
 21839 | Lair:4   | Noticed a catoblepas
 22029 | Lair:3   | Reached skill level 14 in Spellcasting
 22209 | Lair:4   | Killed a catoblepas
 23407 | Lair:4   | Reached XP level 13. HP: 63/63 MP: 20/33
 23961 | Lair:4   | Reached skill level 5 in Transmutations
 24072 | Lair:5   | Reached skill level 5 in Translocations
 24072 | Lair:5   | Reached skill level 5 in Earth Magic
 24250 | Lair:5   | Reached **** piety under Sif Muna
 25355 | Lair:6   | Entered Level 6 of the Lair of Beasts
 25478 | Lair:6   | HP: 1/63 [cane toad (14)]
 25479 | Lair:6   | Mangled by a wolf

Illustrated notes

Levels and vault maps discovered:
D:1:      eino_arrival_druids_welcome, layout_loops_ring, minmay_misc_feat_x
D:2:      layout_rooms, fedhas_altar_3
D:3:      cheibrodos_helix_gallery, layout_loops_corners, lemuel_round_altar
D:4:      layout_cave_pools, uniq_duvessa
D:5:      layout_cave_pods, uniq_edmund
D:6:      layout_loops_corners
D:7:      layout_basic, nicolae_ru_sacrificial_ziggurat,
          nicolae_overflow_hidden_temple, temple_hall
D:8:      minmay_general_purpose_star, layout_cave_pools,
          general_overflow_altar, nzn_wu_jian_council_hall, minivault_19
D:9:      minmay_statue_hallways, layout_basic, grunt_lair_entry_orc_guard_hut,
          david_orc_2, roderic_lattice_a
D:10:     layout_cave_pools
Temple:   regret_index_temple_sphere_string
Lair:1:   layout_layer_cave, chequers_serial_rivers_marsh,
          infiniplex_staircase_pool_2
Lair:2:   layout_regular_city, serial_rivers, chequers_serial_rivers_marsh,
          chequers_serial_rivers_micro_c, chequers_serial_rivers_room_b,
          chequers_serial_rivers_small_b, lemuel_fruit_tree,
          serial_bayou_shore_a, grunt_megastairs_2
Lair:3:   layout_loops_ring, minmay_snake_entry_six_corridors
Lair:4:   layout_hall_layers, skrybe_swamp_entry_bodies, grunt_megastairs_4
Lair:5:   layout_cave_pods, minmay_slime_entry_oklob_enclosed,
          lemuel_fruit_fields, serial_bayou_shore_b
Lair:6:   guppyfry_lair_end_dragon, layout_hall_layers, serial_bayou_shore_b

Skill      XL: |  1  2  3  4  5  6  7  8  9 10 11 12 13 |
---------------+----------------------------------------+-----
Conjurations   | 2 3 4 5 6 7 8 9 |  9.5
Evocations     | 1 2 3 4 5 7 8 9 |  9.3
Spellcasting   | 4 5 6 8 10 12 13 14 | 14.7
Air Magic      | 4 5 6 8 9 10 11 | 11.3
Stealth        | 3 |  3.8
Dodging        | 3 |  3.1
Invocations    | 3 4 5 6 |  6.1
Transmutations | 2 4 5 |  5.4
Earth Magic    | 2 4 5 |  5.3
Shields        | 4 |  4.0
Translocations | 2 4 5 |  5.4
Fighting       | |  0.1

Action                   |  1- 3 |  4- 6 |  7- 9 | 10-12 | 13-15 || total
-------------------------+-------+-------+-------+-------+-------++-------
Melee: Dagger            |       |       |     1 |    21 |       ||    22
 Cast: Shock             |    93 |    99 |    96 |    45 |     4 ||   337
       Airstrike         |       |     4 |   126 |   323 |    34 ||   487
       Stone Arrow       |       |       |       |    17 |       ||    17
       Lightning Bolt    |       |       |       |    33 |    29 ||    62
       Swiftness         |       |       |       |     2 |       ||     2
       Iskenderun's Batt |       |       |       |     2 |       ||     2
       Conjure Ball Ligh |       |       |       |     1 |       ||     1
       Static Discharge  |       |       |       |       |     1 ||     1
Invok: Channel Magic     |       |       |       |     7 |     2 ||     9
  Use: Scroll            |     5 |     5 |    12 |    12 |     2 ||    36
       Potion            |     2 |     1 |     3 |     7 |     4 ||    17
Armor: Robe              |     5 |     5 |    25 |    26 |    28 ||    89
Dodge: Dodged            |    13 |    19 |    80 |   106 |    52 ||   270
Block: Buckler           |       |       |       |    40 |    49 ||    89

Table legend: (Time is in decaauts)
 A = Elapsed time spent in this place.
 B = Non-inter-level travel time spent in this place.
 C = Inter-level travel time spent in this place.
 D = Time resting spent in this place.
 E = Time spent auto-exploring this place.
 F = Levels seen in this place.
 G = Mean time per level.
                   A        B        C        D        E       F      G
               +--------+--------+--------+--------+--------+-----+--------+
         Total |  25513 |  24665 |    848 |  13222 |   8028 |  17 | 1500.8 |
       Dungeon |  17055 |  16405 |    650 |   9040 |   4813 |  10 | 1705.5 |
        Temple |    113 |     97 |     16 |      0 |     92 |   1 |  113.0 |
          Lair |   8344 |   8162 |    182 |   4182 |   3123 |   6 | 1390.7 |
               +--------+--------+--------+--------+--------+-----+--------+

Top non-repeatable levels by time:
     D:8: 3166 daAuts
     D:9: 2428 daAuts
  Lair:3: 2425 daAuts
     D:5: 1910 daAuts
     D:7: 1718 daAuts
     D:3: 1672 daAuts
    D:10: 1668 daAuts
  Lair:2: 1488 daAuts
  Lair:5: 1486 daAuts
  Lair:4: 1473 daAuts
  Lair:1: 1452 daAuts
     D:6: 1439 daAuts
     D:2: 1134 daAuts
     D:1: 1058 daAuts
     D:4: 857 daAuts
